 Dungeon Crawl Stone Soup version 0.26-a0-651-gb41185065b (webtiles) character file.

Game seed: 3405594656455588640

3066 Lanoc the Geomancer (level 9, 0/72 (74) HPs)
             Began as a Troll Earth Elementalist on Oct 14, 2020.
             Was a Follower of Ashenzari.
             Slain by a killer bee (4 damage)
             ... on level 8 of the Dungeon.
             The game lasted 00:13:56 (6387 turns).

Lanoc the Geomancer (Troll Earth Elementalist)      Turns: 6387, Time: 00:13:56

HP:   0/72 (74)     AC:  9    Str: 22      XL:     9   Next: 57%
MP:   9/9           EV: 14    Int: 20      God:    Ashenzari [*.....]
Gold: 358           SH:  0    Dex: 13 (14) Spells: 2/10 levels left

rFire    . . .     SeeInvis .   i - +2 dagger of Power {elec, Str+4 Int+6 Dex+4} (curse)
rCold    . . .     Faith    .   (no shield)
rNeg     . . .     Spirit   .   x - +0 steam dragon scales (curse)
rPois    .         Reflect  .   (helmet restricted)
rElec    .         Harm     .   (no cloak)
rCorr    .         Rampage  .   (gloves unavailable)
MR       .....                  (boots unavailable)
Stlth    ++........             (no amulet)
HPRegen  0.62/turn              (no ring)
MPRegen  0.11/turn              (no ring)

@: lethally poisoned (0 -> -10)
A: large, unfitting armour, claws 3, regeneration 1, shaggy fur 1, tough skin 3
a: Curse Item, Scrying, Renounce Religion


You were on level 8 of the Dungeon.
You worshipped Ashenzari.
Ashenzari was aware of your devotion.
You visited 2 branches of the dungeon, and saw 10 of its levels.
You also visited: Ossuary.

You collected 358 gold pieces.

Inventory:

Hand Weapons
 i - the cursed +2 dagger of Power (weapon) {elec, Str+4 Int+6 Dex+4}
   (You took it off an orc on level 4 of the Dungeon)

   Occasionally, upon striking a foe, it will discharge some electrical energy
   and cause terrible harm.
   It affects your strength (+4).
   It affects your intelligence (+6).
   It affects your dexterity (+4).
   It has a curse placed upon it.
Missiles
 b - 162 stones (quivered)
Armour
 x - cursed +0 steam dragon scales (worn)
Wands
 c - a wand of flame (12)
 p - a wand of enslavement (12)
 s - a wand of digging (11)
 w - a wand of iceblast (5)
Scrolls
 a - 2 scrolls of identify
 d - a scroll of vulnerability {unknown}
 e - 2 scrolls of immolation
 f - 3 scrolls of teleportation {unknown}
 h - a scroll of random uselessness {unknown}
 k - 2 scrolls of amnesia {unknown}
 l - 3 scrolls of remove curse
 m - 2 scrolls of fear {unknown}
 n - 3 scrolls of blinking {unknown}
 u - a scroll of noise {unknown}
 v - a scroll of magic mapping
Potions
 g - 4 potions of lignification
 j - 3 potions of might
 o - 2 potions of heal wounds
 q - 4 potions of curing
 r - a potion of mutation {unknown}
 t - 2 potions of berserk rage {unknown}


   Skills:
 + Level 8.1 Dodging
 - Level 1.0 Stealth
 - Level 1.2 Spellcasting
 - Level 0.6 Transmutations
 + Level 9.2 Earth Magic


You had 2 spell levels left.
You knew the following spells:

 Your Spells              Type           Power        Failure   Level
a - Sandblast             Erth           #####.       1%          1
b - Passwall              Tmut/Erth      ###.....     3%          2
c - Lee's Rapid Deconstr  Erth           #####.....   11%         5

Your spell library contained the following spells:

 Spells                   Type           Power        Failure   Level
 Stone Arrow              Conj/Erth      ###...       8%          3
 Petrify                  Tmut/Erth      ###.....     22%         4


Dungeon Overview and Level Annotations

Branches:
Dungeon (9/15)             Temple (1/1) D:5         Ossuary (visited)
   Lair: D:8-11         Orc: D:9-12

Altars:
Ashenzari
Cheibriados
Dithmenos
Elyvilon
Fedhas
Hepliaklqana
Kikubaaqudgha
Makhleb
Okawaru
Qazlal
Ru
Sif Muna
Trog
Uskayaw
Vehumet
Wu Jian
Yredelemnul
Zin
The Shining One

Shops:
D:5 *   D:9 *

Annotations:
D:5 exclusion: statue
D:9 Maurice


Innate Abilities, Weirdness & Mutations

You are too large for most types of armour.
You have claws for hands.
Your natural rate of healing is unusually fast.
You are covered in fur. (AC +1)
You have extremely tough skin. (AC +3)


Message History

The killer bee stings you but does no damage.
The killer bee closely misses you. The killer bee stings you!
You are more poisoned.
The killer bee poisons you!
The killer bee stings you but does no damage.
You climb upwards.
You feel sick.
There is a stone staircase leading down here.
You feel sick.
The killer bee stings you but does no damage.
The killer bee stings you!
* * * LOW HITPOINT WARNING * * *
You are more poisoned.
The killer bee poisons you!
You feel sick.
The killer bee rages.
The killer bee stings you!
* * * LOW HITPOINT WARNING * * *
You are more poisoned.
The killer bee poisons you! The killer bee stings you.
You die...

...###...............###........
#..#.......................###
#.....#...................# ##
##.########.................>.
#.##..## ##................##
#.....# #...............##
##.##..## #...>............# #.#
#..## #.y..Z............ #.#
...######@...........∩...
#[####...........###..........
##.#......######..# ###.......#
#....##...# #..# #........
##.#####..# #... #....###. ###
#...### ..... .Z....... ##.....#
...#........;≈≈≈ ###
##...#.......###......≈≈≈≈≈
..###...####..... #...;≈≈≈≈...


You could see a killer bee (berserk) and a worker ant simulacrum.

Vanquished Creatures
  Pikel (D:6)
  Maggie (D:8)
  Menkaure (Ossuary)
  2 orc warriors
  A necrophage (D:7)
  A phantom (D:4)
  4 ogres
  2 centaurs
  3 bullfrogs
  2 scorpions (D:7)
  A killer bee (D:9)
  3 howler monkeys
  A quasit (D:9)
  5 orc priests
  7 orc wizards
  A hound (D:5)
  A bullfrog skeleton (D:4)
  4 worker ants
  An iguana (D:4)
  The ghost of Lanoc the Caller, a weakling HOSu (D:3)
  A hound skeleton (D:7)
  3 mummies (Ossuary)
  A howler monkey zombie (D:6)
  3 gnolls (D:5)
  A howler monkey skeleton (D:4)
  11 adders
  2 shadow imps
  A white imp (D:7)
  2 ufetubi
  An ooze (D:1)
  An adder skeleton (D:8)
  A worm (D:2)
  5 leopard geckos
  27 orcs
  A bat (D:2)
  A bat zombie (D:3)
  5 giant cockroaches
  5 goblins
  3 hobgoblins (D:3)
  10 jackals
  3 kobolds
  A quokka (D:5)
  5 frilled lizards
  6 gnoll skeletons (Ossuary)
  4 gnoll zombies (Ossuary)
  3 goblin skeletons (Ossuary)
  4 goblin zombies (Ossuary)
  4 hobgoblin skeletons (Ossuary)
  2 hobgoblin zombies (Ossuary)
  A jackal zombie (D:7)
  4 kobold skeletons (Ossuary)
  5 kobold zombies (Ossuary)
  2 leopard gecko zombies
  4 orc skeletons (Ossuary)
  5 orc zombies (Ossuary)
  A quokka zombie (D:7)
  2 rats
  3 rat skeletons (Ossuary)
  7 rat zombies
194 creatures vanquished.

Vanquished Creatures (others)
  A white imp (D:8)
  A rat skeleton (Ossuary)
2 creatures vanquished.

Grand Total: 196 creatures vanquished

Notes
Turn   | Place    | Note
-------+----------+-------------------------------------------
     0 | D:1      | Lanoc the Troll Earth Elementalist began the quest for the
                  | Orb.
     0 | D:1      | Reached XP level 1. HP: 16/16 MP: 1/1
    83 | D:1      | Reached skill level 3 in Earth Magic
   140 | D:2      | Reached XP level 2. HP: 15/24 MP: 2/2
   264 | D:3      | Found a runed translucent door.
   264 | D:3      | Noticed Lanoc's ghost (weakling HOSu)
   275 | D:3      | Noticed a crimson imp
   275 | D:3      | Killed Lanoc's ghost
   275 | D:3      | Reached XP level 3. HP: 31/31 MP: 1/3
   466 | D:3      | Learned a level 2 spell: Passwall
   519 | D:3      | Reached XP level 4. HP: 39/39 MP: 4/4
   536 | D:3      | Found a blossoming altar of Fedhas.
   536 | D:3      | Found a stormy altar of Qazlal.
   537 | D:3      | Found a bloodstained altar of Trog.
   693 | D:3      | Reached skill level 4 in Earth Magic
   823 | D:3      | Found an ancient bone altar of Kikubaaqudgha.
  1154 | D:4      | Reached XP level 5. HP: 45/45 MP: 5/5
  1376 | D:4      | Reached XP level 6. HP: 43/53 MP: 6/6
  1440 | D:4      | Reached skill level 5 in Earth Magic
  1609 | D:4      | Identified the cursed +2 dagger of Power {elec, Str+4 Int+6
                  | Dex+4}
  1839 | D:4      | You fall into a shaft and drop 3 floors!
  1839 | D:7      | Noticed an orc warrior
  1996 | D:6      | Reached XP level 7. HP: 59/59 MP: 5/7
  2037 | D:6      | Found a hide-covered altar of Uskayaw.
  2190 | D:6      | Reached skill level 5 in Dodging
  2190 | D:6      | Reached skill level 6 in Earth Magic
  2253 | D:6      | Found a shadowy altar of Dithmenos.
  2326 | D:6      | Noticed Pikel
  2444 | D:6      | Killed Pikel
  2444 | D:6      | Reached skill level 7 in Earth Magic
  2444 | D:6      | Reached XP level 8. HP: 20/67 MP: 0/8
  2871 | D:5      | Entered Level 5 of the Dungeon
  2926 | D:5      | Found Ufiaresh's Lightly-Used Armoury.
  2937 | D:5      | Found a sand-covered staircase.
  2946 | Ossuary  | Entered an ossuary
  3260 | Ossuary  | Noticed Menkaure
  3265 | Ossuary  | Killed Menkaure
  3501 | D:5      | Reached skill level 8 in Earth Magic
  3758 | D:5      | Reached XP level 9. HP: 67/74 MP: 9/9
  3803 | D:5      | Found a staircase to the Ecumenical Temple.
  3809 | Temple   | Entered the Ecumenical Temple
  3903 | Temple   | Became a worshipper of Ashenzari the Shackled
  3972 | D:5      | Learned a level 5 spell: Lee's Rapid Deconstruction
  4115 | D:5      | Found a radiant altar of Vehumet.
  5144 | D:7      | Found a snail-covered altar of Cheibriados.
  5365 | D:7      | Found a burning altar of Makhleb.
  5886 | D:8      | Reached * piety under Ashenzari
  5893 | D:8      | Noticed Maggie
  5900 | D:8      | Killed Maggie
  5900 | D:8      | Reached skill level 9 in Earth Magic
  6048 | D:8      | Found a sacrificial altar of Ru.
  6099 | D:8      | Noticed a polar bear
  6144 | D:9      | Noticed Maurice
  6206 | D:9      | Found Xenot's General Store.
  6363 | D:9      | Noticed a queen bee
  6387 | D:8      | Slain by a killer bee

Illustrated notes

Levels and vault maps discovered:
D:1:      evilmike_arrival_rings, layout_basic
D:2:      layout_loops_cross, yredelemnul_altar_generic, uniq_jessica
D:3:      layout_loops_ring, lemuel_zombie_altar_kikubaaqudgha,
          gammafunk_temple_overflow_claw, ebering_ghost_reflecting_pool
D:4:      minmay_recursive_quarters, layout_loops_ring
D:5:      layout_gridville, vehumet_statue, minmay_temple_entry_hall,
          nicolae_ossuary_entry_ruins, minmay_crystal_room, minmay_shop_damaged
D:6:      layout_basic, old_standard_altar, nicolae_overflow_crystal_walls,
          uniq_pikel
D:7:      layout_loops_cross, cheibriados_altar_1, makhleb_blood_cavern_becter
D:8:      kennysheep_blocky_hall, layout_layer_cave, nicolae_ru_path_of_blood,
          serial_ice, serial_ice_a, serial_ice_d, serial_ice_c, serial_ice_i,
          uniq_maggie
D:9:      layout_loops_cross, nicolae_overflow_hidden_temple,
          lemuel_round_altar, old_standard_altar, special_room
          [special_room_bee], serial_shops, shop, lemuel_statue_altar,
          uniq_maurice
Temple:   compressed_dpeg_circular_temple

Skill      XL: |  1  2  3  4  5  6  7  8  9 |
---------------+----------------------------+-----
Earth Magic    | 3 4 5 7 8 9 |  9.2
Dodging        | 2 3 4 6 7 8 |  8.1
Stealth        | |  1.0
Spellcasting   | |  1.2
Transmutations | |  0.6

Action                   |  1- 3 |  4- 6 |  7- 9 || total
-------------------------+-------+-------+-------++-------
Melee: Unarmed           |    68 |   184 |       ||   252
       Dagger            |       |     6 |   472 ||   478
 Cast: Sandblast         |     5 |    22 |    46 ||    73
       Lee's Rapid Decon |       |       |     1 ||     1
Invok: Curse Item        |       |       |     1 ||     1
  Use: Potion            |       |     2 |       ||     2
       Scroll            |       |       |     5 ||     5
 Stab: Sleeping          |     1 |     3 |     3 ||     7
Armor: Robe              |    25 |    64 |   102 ||   191
       Steam dragon scal |       |       |    34 ||    34
Dodge: Dodged            |    50 |   109 |   298 ||   457

Table legend: (Time is in decaauts)
 A = Elapsed time spent in this place.
 B = Non-inter-level travel time spent in this place.
 C = Inter-level travel time spent in this place.
 D = Time resting spent in this place.
 E = Time spent auto-exploring this place.
 F = Levels seen in this place.
 G = Mean time per level.
                   A        B        C        D        E       F      G
               +--------+--------+--------+--------+--------+-----+--------+
         Total |   6392 |   6131 |    261 |     56 |   4403 |  11 |  581.1 |
       Dungeon |   5809 |   5582 |    227 |     56 |   4107 |   9 |  645.4 |
        Temple |    117 |     83 |     34 |      0 |     81 |   1 |  117.0 |
       Ossuary |    464 |    464 |      0 |      0 |    215 |   1 |  464.0 |
               +--------+--------+--------+--------+--------+-----+--------+

Top non-repeatable levels by time:
     D:5: 1134 daAuts
     D:4: 1117 daAuts
     D:6: 971 daAuts
     D:3: 958 daAuts
     D:7: 786 daAuts
 Ossuary: 464 daAuts
     D:8: 303 daAuts
     D:9: 273 daAuts
     D:2: 142 daAuts
     D:1: 122 daAuts
  Temple: 117 daAuts
